 Dungeon Crawl Stone Soup version 0.29-a0-330-g52719c12eb (webtiles) character file.

Game seed: 9772100181292606862

12 YayAnonymity the Conjurer (level 2, 0/20 HPs)
             Began as a Draconian Conjurer on Apr 13, 2022.
             Succumbed to an adder's poison
             ... on level 1 of the Dungeon.
             The game lasted 00:02:57 (1191 turns).

YayAnonymity the Conjurer (Draconian Conjurer)      Turns: 1191, Time: 00:02:58

Health: 0/20       AC:  4    Str:  9    XL:     2   Next: 20%
Magic:  0/5        EV: 12    Int: 18    God:
Gold:   8          SH:  0    Dex:  9    Spells: 2/5 levels left

rFire   . . .      SeeInvis .   a - +3 whip
rCold   . . .      Faith    .   (no shield)
rNeg    . . .      Spirit   .   (body armour unavailable)
rPois   .          Reflect  .   (helmet restricted)
rElec   .          Harm     .   (no cloak)
rCorr   .          Rampage  .   (no gloves)
Will    .....                   (no boots)
Stlth   ++........              (no amulet)
HPRegen 0.06/turn               (no ring)
MPRegen 0.09/turn               (no ring)

@: lethally poisoned (0 -> -4), studying Long Blades
A: AC +4, unfitting armour, cold-blooded
a: no special abilities


You were on level 1 of the Dungeon.
You visited 1 branch of the dungeon, and saw 2 of its levels.

You collected 8 gold pieces.

Inventory:

Hand Weapons
 a - a +3 whip (weapon)
Scrolls
 b - a scroll of identify {unknown}
 c - 2 scrolls of teleportation {unknown}
 e - a scroll of amnesia {unknown}
 g - a scroll of fear {unknown}
 h - a scroll of vulnerability {unknown}
Potions
 d - 2 potions of magic
 f - a potion of curing {unknown}


   Skills:
 - Level 1.7 Dodging
 - Level 1.7 Stealth
 + Level 2.2 Spellcasting
 * Level 4.4 Conjurations


You had 2 spell levels left.
You knew the following spells:

 Your Spells              Type           Power      Damage    Failure   Level
a - Magic Dart            Conj           68%        1d6       3%          1
b - Searing Ray           Conj           34%        2d5       4%          2

Your spell library contained the following spells:

 Spells                   Type           Power      Damage    Failure   Level
 Dazzling Flash           Conj/Hex       18%        N/A       22%         3
 Fulminant Prism          Conj/Hex       4%         3d6       56%         4
 Iskenderun's Mystic Bla  Conj/Tloc      9%         2d4       56%         4


Dungeon Overview and Level Annotations

Branches:
Dungeon (2/15)

Altars:


Innate Abilities, Weirdness & Mutations

Your plain brown scales are hard. (AC +4)
You cannot fit into any form of body armour.
You are cold-blooded and may be slowed by cold attacks.


Message History

Without enough magic to sustain it, your searing ray dissipates.
The adder bites you.
You are poisoned.
The adder poisons you!
Casting: Searing Ray (safe; 4% risk of failure)
Confirm with . or Enter, or press ? or * to list all spells.
You don't have enough magic to cast this spell.
The adder attacks as you move away! The adder bites you.
You feel sick. The adder bites you but does no damage.
You feel sick.
You feel sick.
You feel sick.
There is a stone staircase leading up here.
You feel sick.
You are no longer poisoned.
The adder closely misses you. The adder barely misses you.
You climb upwards.
There is a stone staircase leading down here.
Casting: Searing Ray (safe; 4% risk of failure)
Confirm with . or Enter, or press ? or * to list all spells.
Aiming: Magic Dart (safe; 3% risk of failure)
Press: ? - help, Shift-Dir - straight line, f - adder
Aim: an adder (severely wounded, 100% to hit)
The magic dart hits the adder.
The adder is almost dead.
The adder bites you.
You are lethally poisoned!
The adder poisons you!
You miss the adder.
Your tail-slap misses the adder.
The adder is almost dead.
* * * LOW HITPOINT WARNING * * *
You feel sick. The adder bites you but does no damage.
You barely miss the adder.
The adder is almost dead.
* * * LOW HITPOINT WARNING * * *
You feel sick. The adder bites you but does no damage. The adder bites you.
* * * LOW HITPOINT WARNING * * *
You whack the adder!
You kill the adder!
You die...

#..#......#.# #..#..
#..#.#..###.# #....#
#.......###.# #..#..
####.##.....#####..##.
#...........##.....
#..####.....##.###.
#..............# #.
##.##.#.....#### #.
##@##.#.....# #. #..†.....####
#. #..#####.#### #.
#..##.......# ##.
#...........# #..
##.###.#####.# #..
###########.......^....# #.#
#≈≈≈≈..P♣P#.####.####..#####.#
#≈≈≈≈....##.# #.............#


There were no monsters in sight!

Vanquished Creatures
  An adder (D:1)
  An endoplasm (D:1)
  A giant cockroach (D:1)
  2 hobgoblins (D:1)
  A kobold (D:1)
  A quokka (D:1)
  3 bats (D:1)
  A frilled lizard (D:1)
  2 rats (D:1)
13 creatures vanquished.

Notes
Turn   | Place    | Note
-------+----------+-------------------------------------------
     0 | D:1      | YayAnonymity the Draconian Conjurer began the quest for the
                  | Orb.
     0 | D:1      | Reached XP level 1. HP: 14/14 MP: 3/3
   290 | D:1      | Reached XP level 2. HP: 20/20 MP: 1/5
   336 | D:1      | Learned a level 2 spell: Searing Ray
  1190 | D:1      | HP: 1/20 [adder (2)]
  1191 | D:1      | Succumbed to an adder's poison

Illustrated notes

Levels and vault maps discovered:
D:1:      kennysheep_arrival_seaside, layout_loops_cross, eino_curves_01,
          chequers_big_river
D:2:      layout_loops_ring, basic_altar, minmay_between, uniq_natasha,
          uniq_jessica

Action                   || total
-------------------------++-------
Melee: Unarmed           ||     6
       Whip              ||     3
 Cast: Magic Dart        ||    27
       Searing Ray       ||     1
Armor: Skin              ||    13
Dodge: Dodged            ||    10

Table legend: (Time is in decaauts)
 A = Elapsed time spent in this place.
 B = Non-inter-level travel time spent in this place.
 C = Inter-level travel time spent in this place.
 D = Time resting spent in this place.
 E = Time spent auto-exploring this place.
 F = Levels seen in this place.
 G = Mean time per level.
                   A        B        C        D        E       F      G
               +--------+--------+--------+--------+--------+-----+--------+
         Total |   1201 |   1172 |     29 |     66 |    980 |   2 |  600.5 |
       Dungeon |   1201 |   1172 |     29 |     66 |    980 |   2 |  600.5 |
               +--------+--------+--------+--------+--------+-----+--------+

Top non-repeatable levels by time:
     D:1: 1173 daAuts
     D:2: 28 daAuts
